 Dungeon Crawl Stone Soup version 0.13-a0-3076-g221303f (webtiles) character file.

1250 Sachiko the Geomancer (level 8, -5/41 HPs)
             Began as a Gargoyle Earth Elementalist on Sept 17, 2013.
             Slain by an ogre
             ... wielding a +0,+0 giant spiked club
              (29 damage)
             ... on Level 5 of the Dungeon.
             The game lasted 00:19:30 (4449 turns).

Sachiko the Geomancer (Gargoyle Earth Elementalist) Turns: 4449, Time: 00:19:30

HP  -5/41        AC  8     Str 13      XL: 8   Next: 25%
MP  17/25        EV 11     Int 16      God:
Gold 205         SH  0     Dex 15      Spells:  4 memorised,  3 levels left

Res.Fire  : . . .   See Invis. : .   r - +2,+3 orc hand axe (elec) (curse)
Res.Cold  : . . .   Warding    : .   i - +0 leather armour
Life Prot.: + . .   Conserve   : .   (no shield)
Res.Poison: +       Res.Corr.  : .   (no helmet)
Res.Elec. : +       Clarity    : .   (no cloak)
Sust.Abil.: . .     Spirit.Shd : .   (no gloves)
Res.Mut.  : .       Stasis     : .   (no boots)
Res.Rott. : +       Flight     : .   B - amulet of faith {unknown}
Saprovore : . . .                    w - ring of magical power
                                     j - cursed +4 ring of dexterity

@: very slightly contaminated, slightly resistant to hostile enchantments,
fairly stealthy
A: fangs 1, talons 2, life protection 1, electricity resistance, slow metabolism
1, unbreathing, petrification resistance, AC +5
a: no special abilities


You were on level 5 of the Dungeon.
You were not hungry.

You visited 2 branches of the dungeon, and saw 6 of its levels.

You collected 185 gold pieces.

Inventory:

Hand weapons
 f - a +0,+0 hand axe
 q - a +1,+3 orcish hand axe of electrocution
 r - a cursed +2,+3 orcish hand axe of electrocution (weapon)
Missiles
 b - 154 stones (quivered)
Armour
 c - a +0 robe
 i - a +0 leather armour (worn)
Magical devices
 a - a wand of flame (9) {unknown}
 s - a wand of fireball (1) {unknown}
Comestibles
 h - 2 meat rations
 x - a honeycomb
 C - a bread ration
 E - 2 chunks of worker ant flesh
Scrolls
 e - 2 scrolls of fear
 g - 3 scrolls of remove curse
 v - 2 scrolls of teleportation
 y - 2 scrolls of enchant weapon I
 D - a scroll of identify
Jewellery
 j - a cursed +4 ring of dexterity (left hand)
 k - an uncursed ring of fire
 p - an uncursed ring of poison resistance
 w - a ring of magical power (right hand)
 B - an amulet of faith (around neck) {unknown}
Potions
 l - a potion of poison {unknown}
 m - 2 potions of curing
 n - a potion of brilliance
 z - a potion of restore abilities {unknown}
 A - a potion of agility
Books
 d - a book of Geomancy

   Spells                             Type                      Level
   *Sandblast                         Earth                        1
   *Stoneskin                         Transmutation/Earth          2
   Passwall                           Transmutation/Earth          3
   *Stone Arrow                       Conjuration/Earth            3
   *Petrify                           Transmutation/Earth          4
   Lee's Rapid Deconstruction         Earth                        5
 o - a book of Annihilations {highlevel}

   This book is beyond your current level of understanding.

   Spells                             Type                      Level
   Poison Arrow                       Conjuration/Poison           6
   Orb of Destruction                 Conjuration                  7
   Chain Lightning                    Conjuration/Air              8
   Lehudib's Crystal Spear            Conjuration/Earth            8
   Ice Storm                          Conjuration/Ice              9
   Fire Storm                         Conjuration/Fire             9
 t - a book of Power

   Spells                             Type                      Level
   Iskenderun's Mystic Blast          Conjuration                  4
   Venom Bolt                         Conjuration/Poison           5
   Bolt of Magma                      Conjuration/Fire/Earth       5
   Fulminant Prism                    Conjuration/Hexes            5
   Iron Shot                          Conjuration/Earth            6
   Orb of Destruction                 Conjuration                  7
Magical staves
 u - an uncursed staff of cold


   Skills:
 + Level 4.9 Axes
 - Level 1.5 Dodging
 - Level 2.1 Stealth
 + Level 3.4 Spellcasting
 - Level 0.7 Transmutations
 + Level 8.5 Earth Magic


You had 3 spell levels left.
You knew the following spells:

 Your Spells              Type           Power        Failure   Level  Hunger
a - Sandblast             Erth           ####..       1%          1    None
b - Stoneskin             Trmt/Erth      ###.......   6%          2    ##.....
c - Stone Arrow           Conj/Erth      ###...       12%         3    ###....
d - Petrify               Trmt/Erth      ###.....     34%         4    ####...


Dungeon Overview and Level Annotations

Branches:
Dungeon (5/27)             Temple (1/1) D:5

Altars:
Ashenzari
Elyvilon
Fedhas
Kikubaaqudgha
Makhleb
Trog
Xom


Innate Abilities, Weirdness & Mutations

You are resistant to torment.
You are immune to poison.
Your stone body is very resilient (AC +5).
You have very sharp teeth.
You have razor-sharp toenails.
You resist negative energy.
You are resistant to electric shocks.
You have a slow metabolism.
You can survive without breathing.
You are immune to petrification.


Message History

There is an escape hatch in the floor here.
The ogre barely misses you.
Casting: Petrify
Confirm with . or Enter, or press ? or * to list all spells.
Aiming: Petrify
Press: ? - help, Shift-Dir - straight line, f - ogre
Aim: an ogre, wielding a giant spiked club You miscast Petrify.
You are very lightly contaminated with residual magic.
You feel gritty.
The ogre hits you with a giant spiked club!
Casting: Petrify
Confirm with . or Enter, or press ? or * to list all spells.
Aiming: Petrify
Press: ? - help, Shift-Dir - straight line, f/p - ogre
Aim: an ogre, wielding a giant spiked club You miscast Petrify.
You momentarily stiffen.
The ogre hits you with a giant spiked club!
Ouch! That really hurt!
You die...

#.#.#......#
#.#.#..################
#.#.#..##.........##...
#.#.#..##.#######.##...
#####.#.#..##.# #.##...
#<....#.#...#'#######.##...
#######.##..>......>.......
#...##..........#.##...
#.####@O........#.##...
#...............#.##...
###....#........#.#####
#.####........#.#
#.............#.#####
######........#......
#........#######
########......#
#######.####.#


You could see an ogre.

Vanquished Creatures
  Grinder (D:5)
  A phantom (D:5)
  2 sky beasts (D:5)
  An ogre (D:5)
  3 crimson imps (D:5)
  A centaur skeleton (D:3)
  A hound (D:4)
  2 orc wizards
  4 worker ants
  6 adders
  A giant mite (D:5)
  A worm (D:3)
  A giant eyeball (D:5)
  2 giant geckos (D:2)
  An ooze (D:3)
  9 orcs
  3 ball pythons
  11 bats
  12 goblins
  10 hobgoblins
  3 jackals (D:2)
  13 kobolds
  5 giant cockroaches
  2 giant newts
  4 quokkas
  5 rats
105 creatures vanquished.

Notes
Turn   | Place    | Note
--------------------------------------------------------------
     0 | D:1      | Sachiko, the Gargoyle Earth Elementalist, began the quest for the Orb.
     0 | D:1      | Reached XP level 1. HP: 10/10 MP: 3/3
     2 | D:1      | Noticed a felid
     4 | D:1      | Noticed an elf
     8 | D:1      | Noticed a dwarf
     8 | D:1      | Noticed a spriggan
    10 | D:1      | Noticed a naga
    10 | D:1      | Noticed a ghoul
    12 | D:1      | Noticed an octopode
    12 | D:1      | Noticed a minotaur
    14 | D:1      | Noticed a demigod
    14 | D:1      | Noticed an ogre
    16 | D:1      | Noticed a merfolk
    16 | D:1      | Noticed a troll
    18 | D:1      | Noticed a demonspawn
    18 | D:1      | Noticed a vampire
    20 | D:1      | Noticed a human
    20 | D:1      | Noticed a tengu
    22 | D:1      | Noticed a draconian
    22 | D:1      | Noticed a centaur
   305 | D:1      | Reached skill level 4 in Earth Magic
   521 | D:1      | Reached XP level 2. HP: 13/15 MP: 4/4
   526 | D:1      | Learned a level 2 spell: Stoneskin
  1284 | D:2      | Reached XP level 3. HP: 16/19 MP: 6/6
  1332 | D:2      | Reached skill level 5 in Earth Magic
  1629 | D:2      | Found a blossoming altar of Fedhas.
  1636 | D:2      | Reached XP level 4. HP: 15/24 MP: 7/7
  2302 | D:3      | Reached skill level 1 in Axes
  2302 | D:3      | Reached XP level 5. HP: 24/28 MP: 7/9
  2310 | D:3      | Learned a level 3 spell: Stone Arrow
  2379 | D:3      | Reached skill level 6 in Earth Magic
  2872 | D:4      | Found a bloodstained altar of Trog.
  3031 | D:4      | Reached XP level 6. HP: 32/32 MP: 11/11
  3283 | D:5      | Entered Level 5 of the Dungeon
  3426 | D:5      | Reached skill level 7 in Earth Magic
  3499 | D:5      | Reached XP level 7. HP: 21/36 MP: 13/13
  3562 | D:5      | Reached skill level 8 in Earth Magic
  3789 | D:5      | Noticed Grinder
  3799 | D:5      | Killed Grinder
  3799 | D:5      | Reached XP level 8. HP: 35/41 MP: 0/16
  3811 | D:5      | Learned a level 4 spell: Petrify
  3817 | D:5      | Paralysed by a giant eyeball for 3 turns
  3822 | D:5      | Paralysed by a giant eyeball for 3 turns
  3946 | D:5      | Found a staircase to the Ecumenical Temple.
  3959 | Temple   | Entered the Ecumenical Temple
  4358 | D:5      | Noticed a two-headed ogre
  4449 | D:5      | Slain by an ogre

Action                   |  1- 3 |  4- 6 |  7- 9 || total
-------------------------+-------+-------+-------++-------
Melee: Hand axe          |   121 |   145 |    68 ||   334
       Unarmed           |     2 |       |       ||     2
 Cast: Sandblast         |     7 |       |       ||     7
       Stoneskin         |     1 |       |       ||     1
       Stone Arrow       |       |       |    10 ||    10
       Petrify           |       |       |     1 ||     1
  Use: Scroll            |     3 |    10 |     1 ||    14
       Potion            |     4 |     2 |     1 ||     7
 Stab: Sleeping          |     3 |     1 |       ||     4
       Distracted        |     1 |       |       ||     1
       Petrified         |       |       |     2 ||     2
